 Dungeon Sprint DCSS version 0.29-a0-653-gd47aff6735 (webtiles) character file.

Game seed: 3951100238965641319

1223 purpskrrrp the Fighter (level 8, -5/153 HPs)
             Began as an Ogre Berserker on June 22, 2022.
             Was a Believer of Trog.
             Slain by a centaur warrior (9 damage)
             ... in the Dungeon (Sprint I: "Red Sonja").
             The game lasted 00:05:19 (1151 turns).

purpskrrrp the Fighter (Ogre Berserker)             Turns: 1151, Time: 00:05:19

Health: -5/153     AC:  3    Str: 24    XL:     8   Next: 47%
Magic:  8/8        EV: 11    Int:  8    God:    Trog [**....]
Gold:   310        SH:  0    Dex:  8    Spells: 7/7 levels left

rFire   . . .      SeeInvis .   j - +0 giant club (vorpal)
rCold   . . .      Faith    .   (shield currently unavailable)
rNeg    . . .      Spirit   .   b - +0 animal skin
rPois   .          Reflect  .   (helmet restricted)
rElec   .          Harm     .   (no cloak)
rCorr   .          Rampage  .   (gloves unavailable)
Will    .....      NoTele   +   (boots unavailable)
Stlth   ..........              (no amulet)
HPRegen 0.35/turn               (no ring)
MPRegen 0.11/turn               (no ring)

@: berserking (expiring), hasted, very quick
A: large, unfitting armour, tough skin 1
a: Renounce Religion, Berserk, Trog's Hand


You were in the Dungeon.
You worshipped Trog.
Trog was pleased with you.
You visited 1 branch You collected 310 gold pieces.

Inventory:

Hand Weapons
 a - a +0 hand axe
 j - a +0 vorpal giant club (weapon)
 k - a +1 scythe of flaming
 m - a +0 halberd
Armour
 b - a +0 animal skin (worn)
Wands
 i - a wand of flame (16) (quivered)
Scrolls
 h - a scroll of blinking
Potions
 c - a potion of curing
 d - a potion of heal wounds
 f - 2 potions of magic
 g - a potion of berserk rage


   Skills:
 + Level 13.2 Fighting
 + Level 9.8(11.0) Axes
 + Level 7.0(9.1) Maces & Flails
 + Level 9.0 Dodging
 + Level 2.0 Stealth
 + Level 0.4 Evocations


You had 7 spell levels left.
You didn't know any spells.
Your spell library was empty.

Dungeon Overview and Level Annotations

Branches:
Dungeon (1/1)

Altars:
Cheibriados
Dithmenos
Elyvilon
Fedhas
Gozag
Hepliaklqana
Kikubaaqudgha
Makhleb
Nemelex Xobeh
Okawaru
Qazlal
Ru
Sif Muna
Trog
Uskayaw
Vehumet
Wu Jian
Xom
Yredelemnul
Zin
The Shining One
Jiyva
Lugonu

Shops:
D *


Innate Abilities, Weirdness & Mutations

You are too large for most types of armour.
You have tough skin. (AC +1)


Message History

* * * LOW HITPOINT WARNING * * *
The centaur warrior hits you!
* * * LOW HITPOINT WARNING * * *
The centaur warrior kicks you.
* * * LOW HITPOINT WARNING * * *
You barely miss the centaur warrior.
The centaur warrior is heavily wounded.
The centaur warrior hits you but does no damage.
The centaur warrior kicks you.
* * * LOW HITPOINT WARNING * * *
The centaur warrior hits you!
* * * LOW HITPOINT WARNING * * *
The centaur warrior kicks you but does no damage.
You are too berserk!
You sock the centaur warrior!
The centaur warrior is heavily wounded.
The centaur warrior hits you but does no damage.
The centaur warrior kicks you.
* * * LOW HITPOINT WARNING * * *
The centaur warrior barely misses you.
The centaur warrior kicks you but does no damage.
You bludgeon the centaur warrior!!
You kill the centaur warrior!
Trog accepts your kill. The centaur warrior hits you.
* * * LOW HITPOINT WARNING * * *
The centaur warrior kicks you.
* * * LOW HITPOINT WARNING * * *
The centaur warrior barely misses you. The centaur warrior kicks you.
* * * LOW HITPOINT WARNING * * *
Your Fighting skill increases to level 13!
Your base Maces & Flails skill gained 3 levels and is now at level 7!
Your Dodging skill increases to level 9!
Your Stealth skill increases to level 2!
You have reached level 8!
You are too berserk!
You thump the centaur warrior!
The centaur warrior is moderately wounded.
The centaur warrior hits you!
You die...

################
#..'..#..'..#__#
').#..'[.#..'..+
#####'#####'#__####
####..#...#.####§§#
#__####..##.#§≈§§§#
#_____##'#_.'§§§@§+
#_.∩...†..._#≈§§§c#
#_..__##_.#'##+####
#_____###+#.#
####### ###


You could see a centaur warrior.

Vanquished Creatures
  A centaur warrior (D)
  A slime creature (D)
  Sigmund (D)
  A yak (D)
  An ogre (D)
  A jelly (D)
  Ijyb (D)
7 creatures vanquished.

Notes
Turn   | Place    | Note
-------+----------+-------------------------------------------
     0 | D        | purpskrrrp the Ogre Berserker began the quest for the Orb.
     0 | D        | Reached XP level 1. HP: 24/24 MP: 1/1
     1 | D        | Noticed Ijyb
    15 | D        | Killed Ijyb
    16 | D        | Reached skill level 6 in Fighting
    16 | D        | Reached XP level 2. HP: 9/36 MP: 2/2
    16 | D        | Reached XP level 3. HP: 11/44 MP: 3/3
   341 | D        | Noticed an ogre
   346 | D        | Killed an ogre
   347 | D        | Reached skill level 8 in Fighting
   347 | D        | Reached skill level 5 in Dodging
   347 | D        | Reached XP level 4. HP: 48/57 MP: 4/4
   467 | D        | Noticed Sigmund
   470 | D        | Killed Sigmund
   470 | D        | Reached ** piety under Trog
   471 | D        | Reached skill level 10 in Fighting
   471 | D        | Reached XP level 5. HP: 68/68 MP: 5/5
   471 | D        | Reached XP level 6. HP: 78/78 MP: 6/6
   643 | D        | Found a burning altar of Makhleb.
   643 | D        | Found a viscous altar of Jiyva.
   643 | D        | Found a shimmering altar of Xom.
   643 | D        | Found a corrupted altar of Lugonu.
   643 | D        | Noticed a slime creature
   650 | D        | Killed a slime creature
   651 | D        | Reached skill level 11 in Fighting
   651 | D        | Reached skill level 1 in Stealth
   651 | D        | Reached XP level 7. HP: 49/88 MP: 7/7
   820 | D        | Found an ornate altar of the Wu Jian Council.
   820 | D        | Found a shimmering blue altar of Sif Muna.
   822 | D        | Found a radiant altar of Vehumet.
  1013 | D        | Found Kuoxuas's General Store.
  1013 | D        | Found an ancient bone altar of Kikubaaqudgha.
  1013 | D        | Found a hazy altar of Hepliaklqana.
  1013 | D        | Found a stormy altar of Qazlal.
  1013 | D        | Found a hide-covered altar of Uskayaw.
  1013 | D        | Found a blossoming altar of Fedhas.
  1013 | D        | Found a bloodstained altar of Trog.
  1013 | D        | Found an iron altar of Okawaru.
  1013 | D        | Found a basalt altar of Yredelemnul.
  1013 | D        | Found a glowing golden altar of the Shining One.
  1013 | D        | Found a snail-covered altar of Cheibriados.
  1013 | D        | Found a sacrificial altar of Ru.
  1013 | D        | Found a glowing silver altar of Zin.
  1013 | D        | Found a shadowy altar of Dithmenos.
  1013 | D        | Found a white marble altar of Elyvilon.
  1013 | D        | Noticed a yak
  1020 | D        | Killed a yak
  1021 | D        | Reached skill level 12 in Fighting
  1021 | D        | Found an opulent altar of Gozag.
  1022 | D        | Found a sparkling altar of Nemelex Xobeh.
  1138 | D        | Noticed a centaur warrior
  1140 | D        | Noticed a centaur warrior
  1150 | D        | Killed a centaur warrior
  1150 | D        | HP: 6/136 [centaur warrior (3)]
  1151 | D        | Reached skill level 13 in Fighting
  1151 | D        | Reached XP level 8. HP: 3/102 MP: 8/8
  1151 | D        | Slain by a centaur warrior

Illustrated notes

Levels and vault maps discovered:
D:        dungeon_sprint_1 [red_sonja_temple_1, red_sonja_temple_small_1]

Skill      XL: |  1  2  3  4  5  6  7 |
---------------+----------------------+-----
Fighting       | 6 8 10 11 13 | 13.2
Axes           | 4 6 7 8 9 |  9.8
Dodging        | 4 5 6 7 9 |  9.0
Maces & Flails | 2 7 |  7.0
Stealth        | 1 2 |  2.0
Evocations     | |  0.4

Action                   |  1- 3 |  4- 6 |  7- 9 || total
-------------------------+-------+-------+-------++-------
Melee: Hand axe          |    16 |       |       ||    16
       Giant club        |       |     6 |    15 ||    21
Invok: Berserk           |     2 |     1 |     2 ||     5
Evoke: Wand              |       |     1 |     1 ||     2
  Use: Scroll            |       |       |     1 ||     1
       Potion            |       |       |     1 ||     1
Armor: Animal skin       |       |       |    11 ||    11
Dodge: Dodged            |     5 |     3 |     9 ||    17

Table legend: (Time is in decaauts)
 A = Elapsed time spent in this place.
 B = Non-inter-level travel time spent in this place.
 C = Inter-level travel time spent in this place.
 D = Time resting spent in this place.
 E = Time spent auto-exploring this place.
 F = Levels seen in this place.
 G = Mean time per level.
                   A        B        C        D        E       F      G
               +--------+--------+--------+--------+--------+-----+--------+
         Total |   1202 |   1154 |     48 |   1035 |      1 |   1 | 1202.0 |
       Dungeon |   1202 |   1154 |     48 |   1035 |      1 |   1 | 1202.0 |
               +--------+--------+--------+--------+--------+-----+--------+

Top non-repeatable levels by time:
       D: 1202 daAuts
